 Dungeon Crawl Stone Soup version 0.25-a0-435-g4b9beb1024 (webtiles) character file.

Game seed: 7893306336791717935, levelgen mode: deterministic

226 jabote the Magician (level 5, 0/28 HPs)
             Began as a Deep Elf Wizard on Jan 27, 2020.
             Was a Follower of Vehumet.
             Slain by an adder (5 damage)
             ... on level 4 of the Dungeon.
             The game lasted 00:23:41 (3990 turns).

jabote the Magician (Deep Elf Wizard)               Turns: 3990, Time: 00:23:42

Health: 0/28       AC:  3    Str:  9    XL:     5   Next: 69%
Magic:  8/16       EV: 13    Int: 24    God:    Vehumet [*.....]
Gold:   64         SH:  0    Dex: 13    Spells: 12/18 levels left

rFire    . . .     SeeInvis .   s - -2 dagger (curse)
rCold    . . .     Gourm    .   (no shield)
rNeg     . . .     Faith    .   a - +0 robe
rPois    .         Spirit   .   b - +1 hat
rElec    .         Reflect  .   (no cloak)
rCorr    .         Harm     .   (no gloves)
MR       .....                  (no boots)
Stlth    +.........             (no amulet)
HPRegen  0.09/turn              (no ring)
MPRegen  0.15/turn              (no ring)

@: mighty, lethally poisoned (0 -> -1), very slow
A: no striking features
a: Renounce Religion


You were on level 4 of the Dungeon.
You worshipped Vehumet.
Vehumet was aware of your devotion.
You were not hungry.

You visited 1 branch of the dungeon, and saw 4 of its levels.

You collected 64 gold pieces.

Inventory:

Hand Weapons
 s - a cursed -2 dagger (weapon)
Missiles
 p - 23 poisoned darts (quivered)
Armour
 a - a +0 robe (worn)
 b - a +1 hat (worn)
Scrolls
 c - a scroll of enchant armour
 i - 2 scrolls of magic mapping
 l - 3 scrolls of identify
 m - 2 scrolls of teleportation
 n - a scroll of immolation
Potions
 f - 4 potions of degeneration {unknown}
 h - 4 potions of haste {unknown}
 j - 4 potions of curing {unknown}
 o - 2 potions of agility {unknown}
 q - a potion of brilliance {unknown}
Comestibles
 d - 3 rations


   Skills:
 + Level 2.7 Dodging
 + Level 3.0 Stealth
 * Level 7.0 Spellcasting
 * Level 3.1 Conjurations
   Level 1.1 Summonings
 + Level 1.1 Translocations
 + Level 0.1 Air Magic
 * Level 1.8 Poison Magic


You had 12 spell levels left.
You knew the following spells:

 Your Spells              Type           Power        Failure   Level  Hunger
a - Magic Dart            Conj           ###.         1%          1    None
b - Blink                 Tloc           N/A          7%          2    None
c - Mephitic Cloud        Conj/Pois/Air  ###.....     11%         3    None

Your spell library contained the following spells:

 Spells                   Type           Power        Failure   Level  Hunger
 Sandblast                Erth           #.....       7%          1    None
 Call Imp                 Summ           ##......     7%          2    None
 Slow                     Hex            #.......     11%         2    None
 Conjure Flame            Conj/Fire      ###.....     12%         3    None


Dungeon Overview and Level Annotations

Branches:
Dungeon (4/15)
 Temple: D:4-7

Altars:
Vehumet
Wu Jian

Annotations:
D:4 Duvessa


Message History

The adder hisses angrily.
The adder bites you.
You are poisoned.
The adder poisons you!
You feel sick. The adder bites you. The adder barely misses you.
You enter the shallow water.
Moving in this stuff is going to be slow.
You feel sick. The adder completely misses you. The adder barely misses you.
You feel sick. The adder closely misses you. The adder bites you.
* * * LOW HITPOINT WARNING * * *
The adder closely misses you.
It was a potion of might.
You feel very mighty all of a sudden. The adder barely misses you.
You closely miss the adder.
You feel sick. The adder barely misses you. The adder bites you.
You die...

≈≈. ##≈. ####≈≈.
######≈≈≈≈..
############≈≈≈≈≈≈.....
##≈≈≈≈S@≈≈##≈≈..[.......
.≈##≈≈.####≈##≈≈#.........#
#.≈≈≈≈....##≈≈≈≈##.........#
..###......#.e####.<.....#.#
#........## ##....###.#
##....#### #....# #.#
##...## ###.## #.# ###..#
.## #e# #..## .# #.#


You could see Duvessa (confused) and an adder.

Vanquished Creatures
  A water moccasin zombie (D:3)
  Dowan (D:4)
  4 adders
  An ooze (D:4)
  An adder skeleton (D:4)
  3 dart slugs (D:1)
  4 leopard geckos
  An orc (D:3)
  2 giant cockroaches (D:3)
  8 goblins
  14 hobgoblins
  3 jackals (D:4)
  13 kobolds
  2 quokkas
  4 ball pythons
  11 bats
  6 frilled lizards
  10 rats
89 creatures vanquished.

Notes
Turn   | Place    | Note
-------+----------+-------------------------------------------
     0 | D:1      | jabote the Deep Elf Wizard began the quest for the Orb.
     0 | D:1      | Reached XP level 1. HP: 10/10 MP: 7/7
   141 | D:1      | Reached skill level 5 in Spellcasting
   141 | D:1      | Reached XP level 2. HP: 10/15 MP: 1/10
   213 | D:1      | Learned a level 2 spell: Blink
   737 | D:1      | Reached XP level 3. HP: 19/19 MP: 9/11
   742 | D:1      | Learned a level 3 spell: Mephitic Cloud
  1218 | D:2      | Found an ornate altar of the Wu Jian Council.
  1573 | D:2      | Reached skill level 6 in Spellcasting
  1573 | D:2      | Reached XP level 4. HP: 24/24 MP: 8/14
  1969 | D:3      | Found a radiant altar of Vehumet.
  1984 | D:3      | Became a worshipper of Vehumet
  3165 | D:3      | Reached skill level 1 in Poison Magic
  3165 | D:3      | Reached XP level 5. HP: 28/28 MP: 8/16
  3718 | D:4      | Noticed Duvessa
  3719 | D:4      | Reached * piety under Vehumet
  3719 | D:4      | Offered knowledge of Sandblast by Vehumet.
  3833 | D:4      | Noticed Dowan
  3872 | D:4      | Killed Dowan
  3872 | D:4      | Reached skill level 7 in Spellcasting
  3990 | D:4      | Slain by an adder

Levels and vault maps discovered:
D:1:      saegor_arrival_simple_c, layout_basic
D:2:      layout_basic, overflow_temple_1_default
D:3:      layout_loops_corners, nicolae_overflow_crystal_walls,
          minmay_shallow_snake_nest
D:4:      layout_cave_pods, zin_academy, minitemple, serial_park,
          serial_park_square3 [serial_park_minivault_5x5_4],
          serial_park_square2, st_stairs_8, hangedman_abyss_or_decor_stagger,
          minmay_manual_mullet, uniq_duvessa

Skill      XL: |  1  2  3  4  5 |
---------------+----------------+-----
Spellcasting   | 5 6 7 |  7.0
Conjurations   | 2 3 |  3.1
Poison Magic   | 1 |  1.8
Stealth        | 3 |  3.0
Dodging        | |  2.7
Summonings     | |  1.1
Translocations | |  1.1
Air Magic      | |  0.1

Action                   |  1- 3 |  4- 6 || total
-------------------------+-------+-------++-------
Melee: Unarmed           |     2 |       ||     2
       Dagger            |       |   239 ||   239
Throw: Dart              |     1 |       ||     1
 Cast: Magic Dart        |    93 |   120 ||   213
       Mephitic Cloud    |     2 |    10 ||    12
  Use: Scroll            |       |     7 ||     7
       Potion            |       |     1 ||     1
  Eat: Chunk             |     2 |     2 ||     4
       Ration            |       |     2 ||     2
Armor: Robe              |     5 |       ||     5
Dodge: Dodged            |    15 |    28 ||    43

Table legend:
 A = Non-vault XP
 B = Vault XP
 C = Vault XP percentage of total XP
 D = Non-vault monster count
 E = Vault monster count
 F = Vault count percentage of total count
                 A         B        C        D         E       F
            +---------+---------+-------+---------+---------+-------
      Total |     266 |      57 |  17.6 |      82 |       7 |   7.9
            +---------+---------+-------+---------+---------+-------
        D:1 |      47 |       0 |   0.0 |      26 |       0 |   0.0
        D:2 |      65 |       0 |   0.0 |      26 |       0 |   0.0
        D:3 |     138 |      18 |  11.5 |      26 |       4 |  13.3
        D:4 |      16 |      39 |  70.9 |       4 |       3 |  42.9
            +---------+---------+-------+---------+---------+-------
